 Dungeon Crawl Stone Soup version 0.30-a0-390-g80c34de65d (webtiles) character file.

Game seed: 4286403819030520489

513 bande the Covered (level 7, -1/44 HPs)
             Began as a Gargoyle Fighter on Dec 5, 2022.
             Slain by a gnoll sergeant
             ... wielding a +0 spear
              (9 damage)
             ... on level 4 of the Dungeon.
             The game lasted 00:06:49 (4083 turns).

bande the Covered (Gargoyle Fighter)                Turns: 4083, Time: 00:06:50

Health: -1/44      AC: 12    Str: 25    XL:     7   Next: 20%
Magic:  7/7        EV:  9    Int:  9    God:
Gold:   152        SH:  5    Dex: 11    Spells: 6/6 levels left

rFire   . . .      SeeInvis .    a - +1 war axe
rCold   . . .      Faith    .    c - +0 buckler
rNeg    + . .      Spirit   .    b - +0 scale mail
rPois   ∞          Reflect  .    (no helmet)
rElec   +          Harm     .    (no cloak)
rCorr   .          Rampage  .    (no gloves)
Will    .....                    (no boots)
Stlth   ..........               (no amulet)
HPRegen 0.27/turn                k - +6 ring of strength
MPRegen 0.10/turn                (no ring)

@: no status effects
A: sickness immunity, AC +4, negative energy resistance 1, electricity
resistance, torment resistance 1, petrification resistance
a: no special abilities


You were on level 4 of the Dungeon.
You visited 1 branch of the dungeon, and saw 4 of its levels.

You collected 152 gold pieces.

Inventory:

Hand Weapons
 a - a +1 war axe (weapon)
 n - a +0 flail
Armour
 b - a +0 scale mail (worn)
 c - a +0 buckler (worn)
Jewellery
 d - a ring of fire
 j - an amulet of the acrobat
 k - a +6 ring of strength (left hand)
 p - a ring of see invisible
Scrolls
 g - a scroll of teleportation {unknown}
 i - a scroll of fear
 l - a scroll of identify
 o - a scroll of blinking {unknown}
Potions
 e - 2 potions of curing
 f - a potion of heal wounds
 h - a potion of invisibility
 m - a potion of cancellation {unknown}
 q - a potion of lignification {unknown}


   Skills:
 + Level 4.7 Fighting
 + Level 4.8 Axes
 + Level 5.1 Armour
 + Level 4.4 Shields


You had 6 spell levels left.
You didn't know any spells.
Your spell library contained the following spells:

 Spells                   Type           Power      Damage    Failure   Level
 Apportation              Tloc           0%         N/A       75%         1
 Animate Dead             Necr           0%         N/A       100%        4
 Leda's Liquefaction      Hex/Erth       0%         N/A       100%        4
 Alistair's Intoxication  Tmut/Pois      0%         N/A       100%        5
 Lee's Rapid Deconstruct  Erth           0%         3d4*      100%        5
 Haunt                    Necr/Summ      0%         N/A       100%        7
 Infestation              Necr           0%         N/A       100%        8
 Statue Form              Tmut/Erth      Unusable   N/A       N/A         6

Dungeon Overview and Level Annotations

Branches:
Dungeon (4/15)
 Temple: D:4-7

Altars:
Nemelex Xobeh


Innate Abilities, Weirdness & Mutations

You are immune to sickness and miasma.
Your stone body is resilient. (AC +4)
You are immune to poison.
You resist negative energy. (rN+)
You are resistant to electric shocks. (rElec)
You are resistant to unholy torment.
You are immune to petrification.


Message History

You hit the worm.
The worm is almost dead.
You block the gnoll's attack. The gnoll sergeant barely misses you.
The gnoll sergeant hits you from afar with a +0 spear.
The gnoll closely misses you.
You hit the worm.
You kill the worm!
You closely miss the gnoll. The gnoll barely misses you.
The gnoll sergeant barely misses you. The gnoll barely misses you.
You hit the gnoll.
The gnoll is heavily wounded.
The gnoll hits you with a +0 flail!
The gnoll hits you from afar with a +0 halberd.
The gnoll sergeant hits you but does no damage.
You are too injured to fight recklessly!
You are too injured to fight recklessly!
You are too injured to fight recklessly!
You are too injured to fight recklessly!
You are too injured to fight recklessly!
You are too injured to fight recklessly!
You are too injured to fight recklessly!
Unknown command.
You block the gnoll's attack. The gnoll hits you with a +0 halberd.
* * * LOW HITPOINT WARNING * * *
The gnoll sergeant closely misses you.
You barely miss the gnoll sergeant. You closely miss the gnoll.
You hit the gnoll. The gnoll closely misses you.
The gnoll hits you with a +0 halberd.
* * * LOW HITPOINT WARNING * * *
You block the gnoll sergeant's attack.
The gnoll sergeant hits you with a +0 spear.
* * * LOW HITPOINT WARNING * * *
You block the gnoll's attack. The gnoll barely misses you.
You slash the gnoll sergeant!
The gnoll sergeant is severely wounded.
You hit the gnoll. You slash the gnoll!
You kill the gnoll!
The gnoll completely misses you.
The gnoll sergeant hits you with a +0 spear!
You die...

#........##...............
.........##.........#.....
#..........#......#.......
#.###.#.##.......####.....
#...#.................
##.......###..........
###........##....##..
###.)#.##...........
#..@g.....#.#####...
#.)g........ ##..
#!.......## #.. ###....###
### #...## #.. ..... #..
...... #.. ....... #.. ###


You could see a gnoll sergeant and a gnoll.

Vanquished Creatures
  Sigmund (D:4)
  A jelly (D:4)
  A gnoll bouda (D:3)
  Jessica (D:2)
  Terence (D:3)
  14 gnolls
  3 adders
  2 worms
  2 dart slugs
  2 orcs (D:3)
  6 ball pythons
  4 endoplasms
  A giant cockroach (D:3)
  5 goblins
  5 hobgoblins
  6 jackals (D:1)
  4 quokkas
  11 bats
  16 frilled lizards
  7 kobolds
  4 rats
97 creatures vanquished.

Vanquished Creatures (others)
  4 plants (D:1)
4 creatures vanquished.

Grand Total: 101 creatures vanquished

Notes
Turn   | Place    | Note
-------+----------+-------------------------------------------
     0 | D:1      | bande the Gargoyle Fighter began the quest for the Orb.
     0 | D:1      | Reached XP level 1. HP: 14/14 MP: 1/1
    83 | D:1      | Found a faded altar of an unknown god.
   247 | D:1      | Reached XP level 2. HP: 19/19 MP: 2/2
   511 | D:1      | Reached XP level 3. HP: 22/23 MP: 3/3
  1474 | D:2      | Reached XP level 4. HP: 28/28 MP: 4/4
  1630 | D:2      | Noticed Jessica
  1635 | D:2      | Killed Jessica
  1878 | D:2      | Reached skill level 4 in Armour
  2027 | D:2      | Reached XP level 5. HP: 30/33 MP: 5/5
  2412 | D:3      | Noticed Terence
  2420 | D:3      | Killed Terence
  2970 | D:4      | Noticed Sigmund
  2978 | D:3      | Reached XP level 6. HP: 32/38 MP: 6/6
  3364 | D:4      | Killed Sigmund
  3380 | D:4      | Found a sparkling altar of Nemelex Xobeh.
  3893 | D:3      | Reached XP level 7. HP: 30/44 MP: 7/7
  3955 | D:4      | Reached skill level 5 in Armour
  4083 | D:4      | Slain by a gnoll sergeant

Illustrated notes

Levels and vault maps discovered:
D:1:      dpeg_arrival_long_road, layout_loops_ring,
          shapermc_ecumenical_altar_flowoftime, minmay_lizard_king
D:2:      layout_loops_corners, uniq_jessica
D:3:      layout_loops_ring, uniq_terence
D:4:      layout_rooms, nemelex_altar_shiori, okawaru_altar_gauntlet_db,
          hangedman_decor_riveting, minmay_quantized, uniq_eustachio,
          uniq_sigmund

Skill      XL: |  1  2  3  4  5  6  7 |
---------------+----------------------+-----
Axes           | 2 3 4 |  4.8
Shields        | 4 |  4.4
Armour         | 4 5 |  5.1
Fighting       | 4 |  4.7

Action                   |  1- 3 |  4- 6 |  7- 9 || total
-------------------------+-------+-------+-------++-------
Melee: War axe           |   164 |   172 |    20 ||   356
  Use: Scroll            |       |     9 |       ||     9
       Potion            |       |     1 |       ||     1
Armor: Scale mail        |   101 |   119 |    13 ||   233
Dodge: Dodged            |    92 |   120 |    17 ||   229
Block: Buckler           |    39 |    38 |     7 ||    84

Table legend: (Time is in decaauts)
 A = Elapsed time spent in this place.
 B = Non-inter-level travel time spent in this place.
 C = Inter-level travel time spent in this place.
 D = Time resting spent in this place.
 E = Time spent auto-exploring this place.
 F = Levels seen in this place.
 G = Mean time per level.
                   A        B        C        D        E       F      G
               +--------+--------+--------+--------+--------+-----+--------+
         Total |   4238 |   4144 |     94 |    996 |   2147 |   4 | 1059.5 |
       Dungeon |   4238 |   4144 |     94 |    996 |   2147 |   4 | 1059.5 |
               +--------+--------+--------+--------+--------+-----+--------+

Top non-repeatable levels by time:
     D:3: 1760 daAuts
     D:1: 1098 daAuts
     D:2: 1074 daAuts
     D:4: 304 daAuts
